 Dungeon Crawl Stone Soup version 0.20.1-1-g8b1a95d66d (webtiles) character file.

2795 Gargoyl the Agent of Entropy (level 9, -2/74 HPs)
             Began as a Centaur Abyssal Knight on Dec 18, 2017.
             Was a Priest of Lugonu.
             Slain by a killer bee (10 damage)
             ... on level 7 of the Dungeon on Dec 19, 2017.
             The game lasted 00:14:42 (9155 turns).

Gargoyl the Agent of Entropy (CeAK)                 Turns: 9155, Time: 00:14:42

Health: -2/74      AC: 10    Str: 17    XL:     9   Next: 43%
Magic:  13/13      EV:  9    Int: 11    God:    Lugonu [***...]
Gold:   307        SH:  8    Dex: 10    Spells: 8/8 levels left

rFire    + + .     SeeInvis .   j - +0 hand axe (freeze)
rCold    . . .     Gourm    .   m - +0 shield
rNeg     . . .     Faith    .   u - +3 salamander hide armour {+Rage rF++}
rPois    .         Spirit   .   (no helmet)
rElec    .         Reflect  .   e - +0 cloak
rCorr    .         Harm     +   o - +0 pair of gloves
MR       +....                  (no barding)
Stlth    ..........             g - amulet of harm
Regen    0.3/turn               d - +1 ring of evasion
MPRegen  0.2/turn               x - ring of protection from magic

@: lethally poisoned (-2 -> -5), very quick
A: hooves 3, deformed body, speed 2, tough skin 3
a: Depart the Abyss, Bend Space, Banish, Renounce Religion, Evoke Berserk Rage


You were on level 7 of the Dungeon.
You worshipped Lugonu.
Lugonu was most pleased with you.
You were not hungry.

You visited 1 branch of the dungeon, and saw 7 of its levels.
You visited the Abyss 1 time.

You collected 307 gold pieces.

Inventory:

Hand Weapons
 a - a +1 hand axe
 j - a +0 hand axe of freezing (weapon)
 q - a +2 hand axe of electrocution
 t - a +0 war axe
Missiles
 G - 7 tomahawks (quivered)
Armour
 e - a +0 cloak (worn)
 m - a +0 shield (worn)
 o - a +0 pair of gloves (worn)
 u - the +3 salamander hide armour (worn) {+Rage rF++}
   (You found it on level 5 of the Dungeon)

   It greatly protects you from fire.
   It lets you go berserk.
Jewellery
 d - a +1 ring of evasion (left hand)
 g - an amulet of harm (around neck)
 i - an uncursed amulet of the gourmand {unknown}
 x - a ring of protection from magic (right hand)
Wands
 n - a wand of random effects (48/48)
 v - a wand of random effects (14/48)
 y - a wand of flame (27/48)
 E - a wand of polymorph (6/24)
Scrolls
 f - a scroll of amnesia
 s - 2 scrolls of identify
 F - a scroll of recharging
Potions
 h - a potion of curing
 k - a potion of brilliance
 r - a potion of mutation {unknown}
 w - a potion of resistance {unknown}
 z - a potion of magic {unknown}
 D - a potion of might {unknown}
Books
 p - a book of Conjurations

   Spells                             Type                      Level
   a - Magic Dart                     Conjuration                  1
   b - Searing Ray                    Conjuration                  2
   c - Dazzling Spray                 Conjuration/Hexes            3
   d - Fulminant Prism                Conjuration/Hexes            4
   e - Force Lance                    Conjuration/Translocation    4
   f - Iskenderun's Mystic Blast      Conjuration                  4
 A - a book of Frost

   Spells                             Type                      Level
   a - Freeze                         Ice                          1
   b - Throw Frost                    Conjuration/Ice              2
   c - Ozocubu's Armour               Charms/Ice                   3
   d - Throw Icicle                   Conjuration/Ice              4
   e - Summon Ice Beast               Ice/Summoning                4
Comestibles
 b - 7 fruits
 c - 4 bread rations
 l - 3 meat rations
 B - 3 chunks of flesh


   Skills:
 + Level 5.0 Fighting
 + Level 6.2 Axes
 * Level 5.1 Armour
 + Level 2.8 Dodging
 + Level 2.8 Shields
 * Level 6.6 Invocations
 + Level 1.0 Evocations


You had 8 spell levels left.
You didn't know any spells.

Dungeon Overview and Level Annotations

Branches:
Dungeon (7/15)             Temple (0/1) D:4

Altars:
Cheibriados
Dithmenos
Gozag
Okawaru
Trog
Vehumet
Xom
Zin


Innate Abilities, Weirdness & Mutations

You have hooves in place of feet.
Armour fits poorly on your strangely shaped body.
You cover ground very quickly.
You have extremely tough skin. (AC +3)


Message History

You feel sick. The killer bee stings you.
* * * LOW HITPOINT WARNING * * *
You block the killer bee's attack.
You miss the killer bee. Your kick misses the killer bee.
The killer bee is moderately wounded.
You feel sick. You block the killer bee's attack. The killer bee stings you!
* * * LOW HITPOINT WARNING * * *
You hit the killer bee. You freeze the killer bee.
Your kick misses the killer bee.
The killer bee is heavily wounded.
You feel sick. You block the killer bee's attack.
The killer bee stings you but does no damage.
Your shield and salamander hide armour prevent you from hitting the killer bee.
You kick the killer bee.
The killer bee is severely wounded.
You feel sick. You block the killer bee's attack. x2
You miss the killer bee. Your kick misses the killer bee.
The killer bee is severely wounded.
The killer bee stings you!
You die...

##.####.#.......###########.# .
##.#.####..##....# #...# #.# .#
...........##..#.###...# #.###..
###........##....#.....####......
#........#.....).....##......#.
################.[...##.##.....
#.#.##8..............#
+#+#+#+#'#'###y..........)...
...........÷@yy.<).#.........
+#+#+#'#)#'###..>............
#$#.#.##8.......#.......
#########....####†......
..............##.......
.........).......####..
.............###.......
.....(.......# ######..
.............#


You could see 3 killer bees.

Vanquished Creatures
  Pikel (D:6)
  The ghost of Merkknight the Magician, a novice DECj (D:5)
  An ice beast (D:5)
  A phantom (D:5)
  2 necrophages
  4 centaurs
  2 bullfrogs
  4 scorpions
  A killer bee (D:7)
  A wight (D:7)
  A bullfrog zombie (D:6)
  4 hounds
  A human zombie (D:7)
  A jelly (D:4)
  A gnoll shaman (D:5)
  4 orc priests
  2 orc wizards
  A human skeleton (D:7)
  An iguana (D:4)
  5 worker ants
  A hound zombie (D:7)
  A mummy (D:7)
  A howler monkey zombie (D:5)
  3 gnolls (D:5)
  A howler monkey skeleton (D:5)
  11 adders
  A shadow imp (D:5)
  An adder skeleton (D:4)
  A worm (D:4)
  4 leopard geckos
  20 orcs
  6 giant cockroaches
  5 goblins
  8 hobgoblins
  11 jackals
  2 quokkas
  2 ball pythons
  7 bats
  4 frilled lizards
  A giant cockroach zombie (D:5)
  9 kobolds
  A leopard gecko skeleton (D:6)
  2 leopard gecko zombies
  11 rats
153 creatures vanquished.

Vanquished Creatures (others)
  An ice beast (D:7)
  An orc warrior (D:6)
  A troll zombie (D:7)
  A crimson imp (D:5)
  A killer bee zombie (D:6)
  A kobold (D:1)
6 creatures vanquished.

Grand Total: 159 creatures vanquished

Notes
Turn   | Place    | Note
-------+----------+-------------------------------------------
     0 | Abyss:1  | Gargoyl the Centaur Abyssal Knight began the quest for the Orb.
     0 | Abyss:1  | Reached XP level 1. HP: 19/19 MP: 2/2
    34 | Abyss:2  | Found a basalt altar of Yredelemnul.
    69 | Abyss:2  | Noticed a rakshasa
    77 | Abyss:2  | Noticed a small abomination
    94 | Abyss:2  | Noticed a starcursed mass
   102 | D:1      | Escaped the Abyss
   171 | D:1      | Found a shimmering altar of Xom.
   173 | D:1      | Found an ancient bone altar of Kikubaaqudgha.
   173 | D:1      | Found a shadowy altar of Dithmenos.
   175 | D:1      | Found a radiant altar of Vehumet.
   175 | D:1      | Found a snail-covered altar of Cheibriados.
   175 | D:1      | Found a shadowy altar of Dithmenos.
   208 | D:1      | Reached * piety under Lugonu
   283 | D:1      | Reached XP level 2. HP: 25/26 MP: 3/3
  1154 | D:2      | Reached XP level 3. HP: 29/31 MP: 4/4
  1206 | D:2      | Reached skill level 1 in Dodging
  1742 | D:2      | Reached XP level 4. HP: 38/38 MP: 6/6
  2216 | D:2      | Reached ** piety under Lugonu
  2392 | D:3      | Found a bloodstained altar of Trog.
  2801 | D:3      | Found an iron altar of Okawaru.
  2988 | D:4      | Reached XP level 5. HP: 28/45 MP: 7/7
  3429 | D:4      | Reached XP level 6. HP: 13/52 MP: 8/8
  3833 | D:4      | Found a staircase to the Ecumenical Temple.
  4225 | D:5      | Entered Level 5 of the Dungeon
  4225 | D:5      | Noticed an ice beast
  4236 | D:5      | Killed an ice beast
  4495 | D:4      | Reached *** piety under Lugonu
  4562 | D:5      | Reached skill level 1 in Shields
  4562 | D:5      | Reached XP level 7. HP: 58/58 MP: 10/10
  4646 | D:5      | Noticed Merkknight's ghost (novice DECj)
  4663 | D:5      | Killed Merkknight's ghost
  4931 | D:5      | Reached XP level 8. HP: 49/66 MP: 11/11
  5358 | D:5      | Reached skill level 5 in Invocations
  6186 | D:6      | Reached skill level 5 in Axes
  6286 | D:6      | HP: 3/67 [centaur (10)]
  6537 | D:6      | Found a radiant altar of Vehumet.
  6540 | D:6      | Found an opulent altar of Gozag.
  6543 | D:6      | Found a bloodstained altar of Trog.
  6884 | D:6      | Noticed Pikel
  6941 | D:6      | HP: 3/67 [Pikel/whip of flaming (1)]
  6941 | D:6      | HP: 1/67 [slave[Pikel] (2)]
  6948 | D:6      | Killed Pikel
  6948 | D:6      | Reached skill level 1 in Evocations
  6948 | D:6      | Reached XP level 9. HP: 10/72 MP: 13/13
  8268 | D:7      | Found a shadowy altar of Dithmenos.
  8268 | D:7      | Found a glowing silver altar of Zin.
  8326 | D:7      | Reached skill level 5 in Armour
  9032 | D:7      | Reached skill level 5 in Fighting
  9054 | D:7      | Reached **** piety under Lugonu
  9155 | D:7      | Slain by a killer bee

Skill      XL: |  1  2  3  4  5  6  7  8  9 |
---------------+----------------------------+-----
Axes           | 2 3 4 5 6 |  6.2
Dodging        | 1 2 |  2.8
Armour         | 2 3 4 5 |  5.1
Invocations    | 3 4 6 |  6.6
Shields        | 1 2 |  2.8
Fighting       | 4 5 |  5.0
Evocations     | 1 |  1.0

Action                   |  1- 3 |  4- 6 |  7- 9 || total
-------------------------+-------+-------+-------++-------
Melee: Hand axe          |    89 |   152 |   354 ||   595
       Kick              |    11 |    27 |    79 ||   117
Invok: Depart the Abyss  |     1 |       |       ||     1
       Banish            |       |       |     5 ||     5
 Abil: Evoke Berserk Rag |       |     1 |     2 ||     3
  Use: Scroll            |     1 |     3 |     5 ||     9
       Potion            |       |       |     5 ||     5
  Eat: Chunk             |     1 |     4 |    17 ||    22
       Meat ration       |       |     1 |       ||     1
Armor: Leather armour    |    23 |     4 |   155 ||   182
       Ring mail         |    34 |    13 |       ||    47
       Plate armour      |       |    96 |       ||    96
Dodge: Dodged            |    53 |    18 |   145 ||   216
Block: Shield            |       |    37 |   138 ||   175
